 Dungeon Crawl Stone Soup version 0.29-a0-22-gbf593b16ee (webtiles) character file.

Game seed: 16441316967001771242

181 Sweetruy1997 the Chopper (level 5, -6/47 HPs)
             Began as a Hill Orc Fighter on Jan 30, 2022.
             Mangled by an iguana (7 damage)
             ... on level 4 of the Dungeon.
             The game lasted 00:05:34 (2395 turns).

Sweetruy1997 the Chopper (Hill Orc Fighter)         Turns: 2395, Time: 00:05:34

Health: -6/47      AC:  7    Str: 19    XL:     5   Next: 61%
Magic:  14/14      EV:  9    Int:  8    God:
Gold:   198        SH:  5    Dex: 12    Spells: 4/4 levels left

rFire   x . .      SeeInvis .   a - +0 war axe
rCold   + . .      Faith    .   c - +0 buckler
rNeg    . . .      Spirit   .   b - +0 scale mail
rPois   .          Reflect  .   (no helmet)
rElec   .          Harm     .   (no cloak)
rCorr   .          Rampage  .   (no gloves)
Will    .....                   (no boots)
Stlth   ..........              (no amulet)
HPRegen 0.15/turn               e - ring of magical power
MPRegen 0.14/turn               i - ring of ice

@: no status effects
A: no striking features
a: no special abilities


You were on level 4 of the Dungeon.
You visited 1 branch of the dungeon, and saw 4 of its levels.

You collected 198 gold pieces.

Inventory:

Hand Weapons
 a - a +0 war axe (weapon)
Armour
 b - a +0 scale mail (worn)
 c - a +0 buckler (worn)
Jewellery
 e - a ring of magical power (left hand)
 i - a ring of ice (right hand)
 j - a ring of resist corrosion
Scrolls
 f - 2 scrolls of identify
 g - a scroll of fog
 k - a scroll of immolation {unknown}
Potions
 d - a potion of might
 l - a potion of mutation {unknown}


   Skills:
 + Level 4.4 Fighting
 + Level 5.7 Axes
 - Level 4.0 Armour
 + Level 0.4 Dodging
 + Level 3.8 Shields


You had 4 spell levels left.
You didn't know any spells.
Your spell library contained the following spells:

 Spells                   Type           Power      Damage    Failure   Level
 Shock                    Conj/Air       0%         1d3       86%         1
 Frozen Ramparts          Ice            0%         1d2       99%         3
 Ignite Poison            Fire/Tmut/Pois 0%         N/A       99%         3
 Mephitic Cloud           Conj/Pois/Air  0%         N/A       99%         3
 Swiftness                Air            0%         N/A       99%         3
 Airstrike                Air            0%         N/A       100%        4
 Ice Form                 Ice/Tmut       0%         N/A       100%        4
 Summon Ice Beast         Ice/Summ       0%         N/A       100%        4
 Freezing Cloud           Conj/Ice/Air   0%         6-21      100%        5


Dungeon Overview and Level Annotations

Branches:
Dungeon (4/15)
 Temple: D:4-7

Altars:
Dithmenos


Message History

You hit the phantom.
You destroy the phantom!
Your Axes skill increases to level 5!
You have reached level 5!
You feel stronger. The orc hits you with a +0 hand axe.
You slash the orc!
You kill the orc!
Things that are here:
a +0 hand axe; a +0 chain mail; an orc corpse You start resting.
An iguana comes into view.
The iguana hisses angrily.
The iguana bites you.
You hit the iguana.
The iguana is lightly wounded.
The iguana hisses menacingly.
The iguana bites you. The iguana completely misses you.
You hit the iguana.
The iguana is moderately wounded.
The iguana closely misses you.
You hit the iguana.
The iguana is severely wounded.
The iguana completely misses you.
You barely miss the iguana.
The iguana is severely wounded.
The iguana bites you! The iguana closely misses you.
You are too injured to fight recklessly!
You are too injured to fight recklessly!
You hit the iguana but do no damage.
The iguana is severely wounded.
The iguana bites you.
* * * LOW HITPOINT WARNING * * *
You hit the iguana but do no damage.
The iguana is severely wounded.
The iguana bites you!
* * * LOW HITPOINT WARNING * * *
It was a potion of cancellation.
You feel magically purged. The iguana bites you!
You die...

#..................)##.........
#..........[...................
##.....(....#.......)...........
............#..##..#)...##......
.(.............##.......#.......
#######.#..##..####...........#
#....^...#....#..).....##
......##...#....#..........#
..#....##...@..##...........
###...####.l#...............
..#......###.............# ...
....... ##............# .......#
.............#
..#..............#.... . #. #.
...... ## .....


You could see an iguana.

Vanquished Creatures
  A phantom (D:4)
  A hound skeleton (D:4)
  A worm (D:3)
  2 dart slugs
  7 orcs
  4 ball pythons
  9 endoplasms
  7 giant cockroaches
  10 goblins
  4 hobgoblins
  3 jackals (D:1)
  3 quokkas (D:3)
  3 bats
  2 frilled lizards (D:3)
  9 kobolds
  4 rats
70 creatures vanquished.

Notes
Turn   | Place    | Note
-------+----------+-------------------------------------------
     0 | D:1      | Sweetruy1997 the Hill Orc Fighter began the quest for the
                  | Orb.
     0 | D:1      | Reached XP level 1. HP: 19/19 MP: 1/1
   198 | D:1      | Reached XP level 2. HP: 23/27 MP: 2/2
   564 | D:1      | Reached skill level 3 in Axes
  1020 | D:1      | Reached XP level 3. HP: 33/33 MP: 3/3
  1400 | D:2      | Found a shadowy altar of Dithmenos.
  1833 | D:3      | Reached XP level 4. HP: 40/40 MP: 4/4
  1975 | D:3      | Reached skill level 4 in Axes
  2323 | D:4      | Noticed a phantom
  2338 | D:4      | Killed a phantom
  2339 | D:4      | Reached skill level 5 in Axes
  2339 | D:4      | Reached XP level 5. HP: 26/47 MP: 5/5
  2394 | D:4      | HP: 1/47 [iguana (10)]
  2395 | D:4      | Mangled by an iguana

Illustrated notes

Levels and vault maps discovered:
D:1:      dpeg_arrival_prison, layout_loops_corners, minmay_shallow_snake_nest
D:2:      layout_rooms, basic_altar
D:3:      layout_basic
D:4:      layout_cave_pools, vehumet_statue,
          chequers_temple_overflow_statue_of_worship,
          minmay_temple_entry_junction_2, kennysheep_small_circle

Skill      XL: |  1  2  3  4 |
---------------+-------------+-----
Axes           | 3 5 |  5.7
Fighting       | 4 |  4.4
Armour         | 4 |  4.0
Dodging        | |  0.4
Shields        | |  3.8

Action                   |  1- 3 |  4- 6 || total
-------------------------+-------+-------++-------
Melee: War axe           |   101 |    76 ||   177
  Use: Scroll            |       |     1 ||     1
       Potion            |       |     1 ||     1
Armor: Scale mail        |    47 |    61 ||   108
Dodge: Dodged            |    41 |    53 ||    94
Block: Buckler           |    22 |    24 ||    46

Table legend: (Time is in decaauts)
 A = Elapsed time spent in this place.
 B = Non-inter-level travel time spent in this place.
 C = Inter-level travel time spent in this place.
 D = Time resting spent in this place.
 E = Time spent auto-exploring this place.
 F = Levels seen in this place.
 G = Mean time per level.
                   A        B        C        D        E       F      G
               +--------+--------+--------+--------+--------+-----+--------+
         Total |   2457 |   2391 |     66 |     37 |   1918 |   4 |  614.2 |
       Dungeon |   2457 |   2391 |     66 |     37 |   1918 |   4 |  614.2 |
               +--------+--------+--------+--------+--------+-----+--------+

Top non-repeatable levels by time:
     D:1: 1120 daAuts
     D:2: 613 daAuts
     D:3: 600 daAuts
     D:4: 123 daAuts
